 Dungeon Crawl Stone Soup version 0.30-a0-358-g0d69a1922f (console) character file.

Game seed: 11239001284065568592

5 petzl the Sneak (level 1, -1/18 HPs)
             Began as a Formicid Delver on Nov 8, 2022.
             Slain by an orc wizard
             ... wielding a +0 dagger
              (2 damage)
             ... on level 4 of the Dungeon.
             The game lasted 00:03:26 (347 turns).

petzl the Sneak (Formicid Delver)                    Turns: 347, Time: 00:03:28

Health: -1/18      AC:  3    Str: 16    XL:     1   Next: 88%
Magic:  1/1        EV: 12    Int:  9    God:
Gold:   0          SH:  0    Dex: 15    Spells: 0/0 levels left

rFire   . . .      SeeInvis +    a - +0 mace
rCold   . . .      Faith    .    (no shield)
rNeg    . . .      Spirit   .    b - +0 leather armour
rPois   .          Reflect  .    (helmet unavailable)
rElec   .          Harm     .    (no cloak)
rCorr   .          Rampage  .    (no gloves)
Will    .....                    (no boots)
Stlth   +.........               (no amulet)
HPRegen 0.23/turn                (no ring)
MPRegen 0.07/turn                (no ring)

@: confused
A: permanent stasis, dig shafts and tunnels, antennae 3, four strong arms
a: Dig, Shaft Self


You were on level 4 of the Dungeon.
You visited 1 branch of the dungeon, and saw 2 of its levels.

Inventory:

Hand Weapons
 a - a +0 mace (weapon)
Armour
 b - a +0 leather armour (worn)
Wands
 f - a wand of digging (3)
Scrolls
 c - a scroll of fog
 d - a scroll of magic mapping
 e - a scroll of fear


   Skills:
 + Level 3.4 Fighting
 - Level 2.0 Maces & Flails
 + Level 1.9 Dodging
 + Level 6.1 Stealth
 + Level 0.4 Spellcasting


You couldn't memorise any spells.
You didn't know any spells.
Your spell library was empty.

Dungeon Overview and Level Annotations

Branches:
Dungeon (5/15)
 Temple: D:4-7

Altars:

Annotations:
D:4 exclusion: phantom, Eustachio


Innate Abilities, Weirdness & Mutations

You cannot be hasted, slowed, berserked, paralysed or teleported.
You can dig through walls and to a lower floor.
You have a pair of large antennae on your head. (SInv)
Your four strong arms can wield two-handed weapons with a shield.


Message History

The worm is almost dead.
The worm bites you!
Ouch! That really hurt!
* * * LOW HITPOINT WARNING * * *
You hit the worm.
You kill the worm!
You start resting.
You hear the brisk rusting of a very distant drain.
You start resting.
HP restored.
There is a stone staircase leading down here.
You hear the brisk rusting of a drain nearby. 2 orc wizards come into view.
Unknown command.
Unknown command.
An orc comes into view. It is wielding a +0 mace.
The orc shouts!
You hear a shout! x2
You barely miss the orc. The orc hits you with a +0 mace.
You hit the orc.
The orc is moderately wounded.
The orc hits you with a +0 mace.
You hit the orc.
You kill the orc!
You hit the orc wizard.
The orc wizard is heavily wounded.
The orc wizard hits you with a +0 dagger. x2
You miss the orc wizard.
The orc wizard is heavily wounded.
You barely miss the orc wizard.
The orc wizard is heavily wounded.
The orc wizard hits you with a +0 dagger.
Are you sure you want to shaft yourself?
The orc wizard points at you and mumbles some strange words.
You are confused.
The orc wizard points at you and mumbles some strange words.
The magic dart hits you!
* * * LOW HITPOINT WARNING * * *
You begin to dig a shaft.
You continue digging a shaft.
The orc wizard hits you with a +0 dagger.
You die...

######### #######.......###
#...............##
###...............##
###......#####W...## #......# ...##
##.....## ...# #.......# #..# #...
#.......# #..# ###... #..###..# #..#
##.... #.## #..# #..# ##.... #.#
#..## #..# #....# #.# ##..# #..#
#....## #.. #.# #..# #..##
#.....#...< #.# #..## #...#
#.........# #.# ##..#
##...######...o....## #.# #..##
##.....@.##.........# #w#
##...####......o.o.........## #.##
##..................[........##
#..###.........................o....
#.....>..........................?..
##..................................
##.......##........................
####.#########...##...............
### #######..............
#............## ##.......>.###
#........## ##>......# #........
#.......@ #........ #........
.........


You could see 2 orc wizards.

Vanquished Creatures
  A worm (D:4)
  An orc (D:4)
2 creatures vanquished.

Notes
Turn   | Place    | Note
-------+----------+-------------------------------------------
     0 | D:5      | petzl the Formicid Delver began the quest for the Orb.
     0 | D:5      | Reached XP level 1. HP: 18/18 MP: 1/1
    33 | D:4      | Noticed a phantom
    80 | D:4      | Noticed Eustachio
   312 | D:4      | Noticed an orc wizard
   312 | D:4      | Noticed an orc wizard
   347 | D:4      | Slain by an orc wizard

Illustrated notes

Levels and vault maps discovered:
D:4:      layout_layer_cave, kennysheep_slug_shrine, lightli_sewer_entry_pipes,
          uniq_eustachio
D:5:      layout_cave_pools, nicolae_hepliaklqana_hazy_memory,
          mainiacjoe_overflow_big_doors, ashenzari_altar_1,
          minmay_temple_entry_hall, hangedman_decor_slide_cut, minivault_24,
          uniq_blork_the_orc, uniq_sigmund, uniq_duvessa

Action                   || total
-------------------------++-------
Melee: Mace              ||    22
 Abil: Shaft Self        ||     1
Dodge: Dodged            ||     8

Table legend: (Time is in decaauts)
 A = Elapsed time spent in this place.
 B = Non-inter-level travel time spent in this place.
 C = Inter-level travel time spent in this place.
 D = Time resting spent in this place.
 E = Time spent auto-exploring this place.
 F = Levels seen in this place.
 G = Mean time per level.
                   A        B        C        D        E       F      G
               +--------+--------+--------+--------+--------+-----+--------+
         Total |    353 |    353 |      0 |     77 |     25 |   2 |  176.5 |
       Dungeon |    353 |    353 |      0 |     77 |     25 |   2 |  176.5 |
               +--------+--------+--------+--------+--------+-----+--------+

Top non-repeatable levels by time:
     D:4: 341 daAuts
     D:5: 12 daAuts
